[Event "45th FIDE Olympiad 2024"]
[Site "Budapest"]
[Date "2024.09.15"]
[Round "5.116"]
[White "Gengler, Pierre"]
[Black "Kostolansky, Sebastian Lukas"]
[Result "0-1"]
[ECO "B41"]
[WhiteElo "2097"]
[BlackElo "2405"]
[Annotator "TA"]
[PlyCount "52"]
[EventDate "2024.09.05"]
[EventType "team-tourn"]
[EventCountry "HUN"]
[SourceTitle "playchess.com"]
[Source "ChessBase"]
[SourceQuality "1"]
[WhiteTeam "Luxembourg"]
[BlackTeam "Slovakia"]
[WhiteTeamCountry "LUX"]
[BlackTeamCountry "SVK"]
[TimeControl "40/5400+30:1800+30"]

1. e4 c5 2. Nf3 e6 3. d4 cxd4 4. Nxd4 a6 5. g3 d5 6. Bg2 (6. Nb3 $11) 6... dxe4 $1 $15 7. O-O f5 8. g4 Nf6 {Black is better.} 9. gxf5 exf5 10. Nc3 Bd6 {Prevents Bf4.} (10... Bc5 $17 11. Be3 Ba7) 11. Bh3 {[#]} (11. f3 $1 $15) 11... g6 $1 $17 12. Bh6 Be5 13. Nce2 Ng4 (13... Nd5 $19 {aiming for ...Qh4.} 14. Re1 Nc6) 14. f4 $2 {[%mdl 8192] White does not recover from this.} (14. Bxg4 $15 Qh4 15. f4 Qxg4+ 16. Kh1) 14... Bxd4+ $19 {Black is clearly winning.} 15. Nxd4 Nxh6 16. c3 O-O 17. Qb3+ Nf7 18. Rad1 Qh4 19. Bg2 Nc6 20. Nc2 Qe7 21. Ne3 Be6 22. c4 Rad8 23. Qc3 Rxd1 24. Rxd1 Rd8 25. Rd5 Bxd5 26. Nxd5 Qc5+ {Weighted Error Value: White=0.52/Black=0.14 (very precise) .  Loses game:     	White=1     	---        Mistake:       	White=1     	Black=2      Inaccurate:     	White=2     	---        OK:         	White=2     	Black=4      Best:        	---       	Black=1      Strong:       	---       	Black=1} 0-1

[Event "45th FIDE Olympiad 2024"]
[Site "Budapest"]
[Date "2024.09.15"]
[Round "5.117"]
[White "Gascon Del Nogal, Jose Rafael"]
[Black "Lee, Junhyeok"]
[Result "0-1"]
[ECO "E70"]
[WhiteElo "2454"]
[BlackElo "2364"]
[Annotator "TA"]
[PlyCount "44"]
[EventDate "2024.09.05"]
[EventType "team-tourn"]
[EventCountry "HUN"]
[SourceTitle "playchess.com"]
[Source "ChessBase"]
[SourceQuality "1"]
[WhiteTeam "Venezuela"]
[BlackTeam "South Korea"]
[WhiteTeamCountry "VEN"]
[TimeControl "40/5400+30:1800+30"]

1. d4 Nf6 2. c4 g6 3. Nc3 Bg7 4. e4 d6 5. h4 h5 6. f3 O-O 7. Bg5 c5 8. d5 {White is slightly better.} Nh7 9. Be3 e6 10. Qd2 exd5 11. Nxd5 Nc6 12. Ne2 Be6 13. Rd1 (13. Nef4 $16) 13... Bxd5 $11 14. cxd5 Ne5 {White must now prevent ...Nc4.} 15. Nc3 f5 16. exf5 gxf5 17. Kf2 Qf6 {And now ...f4 would win.} 18. g3 Rae8 19. Rc1 Qf7 20. Ne2 (20. Bf4 $11) 20... Nf6 $17 {[%cal Oe5g4] Strongly threatening ...Neg4+! Black is more active.} 21. Bg5 $2 {[%mdl 8192] [#]} (21. Bf4 $17) 21... Ne4+ $1 $19 22. fxe4 fxe4+ {Weighted Error Value: White=0.53/Black=0.08 (flawless) .  Loses game:     	White=1     	---        Mistake:       	White=2     	---        Inaccurate:     	White=2     	Black=2      OK:         	White=4     	Black=7      Best:        	White=1     	Black=1      Brilliant:      	---       	Black=1} 0-1

[Event "45th FIDE Olympiad 2024"]
[Site "Budapest"]
[Date "2024.09.15"]
[Round "5.118"]
[White "Ahn, Hongjin"]
[Black "Ynojosa Aponte, Felix Jose"]
[Result "0-1"]
[ECO "B28"]
[WhiteElo "2251"]
[BlackElo "2398"]
[Annotator "TA"]
[PlyCount "94"]
[EventDate "2024.09.05"]
[EventType "team-tourn"]
[EventCountry "HUN"]
[SourceTitle "playchess.com"]
[Source "ChessBase"]
[SourceQuality "1"]
[WhiteTeam "South Korea"]
[BlackTeam "Venezuela"]
[BlackTeamCountry "VEN"]
[TimeControl "40/5400+30:1800+30"]

1. e4 c5 2. Nf3 a6 3. c3 b5 4. d4 Bb7 5. Bd3 e6 6. a4 c4 7. Bc2 d5 8. e5 (8. Nbd2 $14) 8... b4 $11 9. Nbd2 Nc6 10. Nf1 b3 11. Bb1 f5 {[#]} 12. g4 $1 g6 (12... Nge7 13. gxf5) 13. gxf5 exf5 14. h4 Qd7 15. h5 Bg7 16. Ng3 Nge7 17. hxg6 (17. Bg5 $16) 17... hxg6 $14 18. Rxh8+ Bxh8 19. Nh4 {[%cal Oh4g6] Strongly threatening Nxg6!} Qe6 20. a5 O-O-O 21. Bg5 Rf8 (21... Re8 $11) 22. Ng2 ({Better is} 22. Ne2 $16) 22... Qf7 $11 23. Qe2 Bg7 24. Ra4 (24. Qe3 $11) 24... Rh8 $15 25. Qe3 Kb8 26. Qf4 (26. Nf1 $15) 26... Ka8 (26... Qe8 $1 $19 {[%cal Oc6d4] ...Nxd4! is the strong threat.} 27. Ra1 Qf8) 27. Ne3 $2 (27. Qe3 $1 $15) 27... Qe8 (27... Nd8 $1 $19 {[%cal Rd8e6] White must now prevent ...Ne6.} 28. Qf3 Ne6 29. Bxe7 Qxe7) 28. Bxe7 Nxe7 29. Rb4 Qd8 (29... Bh6 30. Qf3 Bxe3 31. Qxe3 $17) (29... Bc6 $1 $19 {and Black stays clearly on top. Threatens to win with ...Bh6.} 30. Rb6 Nc8 31. Rxa6+ Kb7 32. Rxc6 Qxc6) 30. Qf3 $17 Qxa5 31. Nxc4 $1 {[#]} Qxb4 32. cxb4 dxc4 33. Be4 fxe4 $19 34. Qf7 {[#]} Bh6 (34... Bf8 35. b5 $17 (35. Qxc4 $2 Nd5 $17) (35. Qf6 $2 c3 $19)) (34... Rc8 $1 $19 {[%cal Oc4c3] And now ...c3! would win.} 35. Ne2 (35. Qxe7 $2 {too greedy.} c3 $19) 35... Bf8) 35. Qxc4 {[%mdl 8192] [#]} (35. Qxe7 $17 c3 36. Qf7 (36. Qf6 $2 cxb2 37. Qxh8+ Ka7 $19)) 35... Rc8 $1 36. Qe6 Rc1+ 37. Ke2 Nd5 {( -> ...Nf4+)} 38. Qe8+ Rc8 39. Qa4 Nf4+ 40. Ke3 Nd3+ 41. Ke2 Rc2+ 42. Kf1 Rxf2+ 43. Kg1 e3 {Black mates.} 44. d5 e2 45. Nxe2 Rxe2 46. Qxb3 Be3+ ({Not} 46... Rxb2 47. Qxd3 Rxb4 48. e6 $14) 47. Kh1 Nf4 {What a bad dream for White.   Weighted Error Value: White=0.54/Black=0.18 (very precise) .  Loses game:     	White=3     	---        Missed win:     	---       	Black=1      Mistake:       	White=5     	Black=4      Inaccurate:     	White=1     	Black=2      OK:         	White=11    	Black=9      Best:        	White=1     	Black=2      Strong:       	White=1     	Black=1      Brilliant:      	---       	Black=1} 0-1

[Event "45th FIDE Olympiad 2024"]
[Site "Budapest"]
[Date "2024.09.15"]
[Round "5.119"]
[White "Escalona Landi, Samid Eduardo"]
[Black "Lee, Kyungseok"]
[Result "1-0"]
[ECO "A14"]
[WhiteElo "2305"]
[BlackElo "2044"]
[Annotator "TA"]
[PlyCount "160"]
[EventDate "2024.09.05"]
[EventType "team-tourn"]
[EventCountry "HUN"]
[SourceTitle "playchess.com"]
[Source "ChessBase"]
[SourceQuality "1"]
[WhiteTeam "Venezuela"]
[BlackTeam "South Korea"]
[WhiteTeamCountry "VEN"]
[TimeControl "40/5400+30:1800+30"]

1. Nf3 d5 2. c4 e6 3. g3 Nf6 4. b3 d4 5. Bg2 Be7 6. O-O O-O 7. e3 Nc6 {A14: English Opening: 1...e6 with b3 by White.} 8. Re1 e5 9. Bb2 Bg4 10. h3 Bh5 11. e4 $146 ({Predecessor:} 11. g4 Bg6 12. exd4 exd4 13. Nh4 Nd7 14. Nxg6 fxg6 15. d3 Nde5 16. Qe2 Bb4 17. Rf1 {0-1 Cardenas Huaman,A (2140)-Leisner,J (2107) PER-USA email 2013 [14]}) 11... Nd7 12. d3 a5 13. a3 Nc5 14. Qc2 Ra6 15. Nbd2 Rb6 16. Rab1 Qd7 17. Bc1 Bg6 18. g4 h5 19. Nh2 Bg5 20. Bf3 h4 21. Bg2 Qe7 22. Nhf3 Bf4 23. Kh1 Bh7 24. Ng1 g5 25. Ne2 Bxd2 26. Bxd2 f6 $2 (26... Ne6 $17 27. Qc1 f6) 27. b4 $16 axb4 28. axb4 Nxb4 29. Rxb4 Nxd3 30. Qxd3 Rxb4 31. Qa3 c5 32. Bxb4 cxb4 33. Qb3 Qc5 {[#]} (33... Kh8 $16) 34. Nc1 $1 $18 Rc8 35. Nd3 Qxc4 36. Qxc4+ Rxc4 37. Rb1 Bg6 38. Nxb4 (38. Rxb4 Rc3 39. Nb2 Rc1+ 40. Kh2 Rc2 $16) 38... d3 (38... Rc5 $16 39. Ra1 Rb5) 39. Nxd3 $18 Rxe4 40. Rxb7 (40. Nc5 Rxg4 41. Rxb7 (41. Bd5+ Kh8 $18) 41... Rd4 $18) 40... Re2 41. Nc5 Rxf2 42. Kg1 Rc2 43. Bd5+ Kf8 $2 (43... Kh8) 44. Ne4 Bxe4 45. Bxe4 Rc3 46. Kg2 Rg3+ 47. Kh2 Re3 48. Bg6 Rf3 49. Rf7+ Kg8 50. Kg2 Rf4 $2 (50... e4 51. Re7 Rg3+ 52. Kh2 e3) 51. Rc7 $18 Kf8 52. Bh5 $2 (52. Rh7 Kg8 53. Rf7) 52... Kg8 $18 53. Bg6 $2 (53. Ra7) 53... Kf8 $18 54. Rd7 Kg8 55. Rf7 e4 56. Re7 Rf3 57. Bxe4 Rg3+ 58. Kh2 Kf8 59. Ra7 Re3 60. Bg6 Re2+ 61. Kg1 Re3 62. Kg2 Rg3+ 63. Kf2 Rxh3 64. Rf7+ Kg8 65. Rxf6 Kg7 66. Rc6 (66. Rd6 $142 Ra3 67. Be4 Kf7 68. Rd5 Ra2+ 69. Ke3 Ra3+ 70. Bd3 Ra1 71. Rxg5) 66... Ra3 (66... Rh2+ $18 67. Ke3 Rg2) 67. Bf5 (67. Be4 $142 Ra5 68. Ke3 h3 69. Rg6+ Kf7 70. Rh6 Kg7 71. Rh7+ (71. Rxh3 Ra3+ 72. Bd3 Ra4 $18) 71... Kg8 72. Rh5 (72. Rxh3 Kg7 $18)) 67... Ra2+ (67... Kf7 $142 68. Rc5 Ra2+ 69. Ke3 Ra6) 68. Ke3 $18 Ra8 69. Rg6+ Kf7 70. Rxg5 Rh8 71. Be4 h3 72. Rf5+ Ke6 73. Bd5+ Kd6 74. Kf2 Rh4 75. Kg3 Rh8 76. Bh1 Ke7 77. Rf2 (77. Kh2 $142 Rh4 78. Bf3 Rh7 79. g5 Ke6 80. Bg4 Rg7 81. Kxh3 (81. Bxh3 Ke7 $18) 81... Rh7+ 82. Kg3) 77... Ke6 78. Be4 Ke5 79. Bg6 Ke6 80. Bh5 Kd5 1-0

[Event "45th FIDE Olympiad 2024"]
[Site "Budapest"]
[Date "2024.09.15"]
[Round "5.120"]
[White "Huh, Isaak"]
[Black "Castro Torres, Jose Luis"]
[Result "1/2-1/2"]
[ECO "B78"]
[WhiteElo "2114"]
[BlackElo "2299"]
[Annotator "RC"]
[PlyCount "280"]
[EventDate "2024.09.05"]
[EventType "team-tourn"]
[EventCountry "HUN"]
[SourceTitle "playchess.com"]
[Source "ChessBase"]
[SourceQuality "1"]
[WhiteTeam "South Korea"]
[BlackTeam "Venezuela"]
[BlackTeamCountry "VEN"]
[TimeControl "40/5400+30:1800+30"]

1. e4 c5 2. Nf3 Nc6 3. d4 cxd4 4. Nxd4 g6 5. Nc3 Bg7 6. Be3 d6 7. Bc4 Nf6 8. f3 Bd7 9. Qd2 O-O 10. O-O-O Ne5 11. Bb3 a5 12. a4 Rc8 13. Qe2 Rxc3 14. bxc3 Qc7 15. Nb5 Bxb5 16. Qxb5 Rc8 17. Kd2 Ned7 18. Ke2 b6 19. Bd4 Nc5 20. Rb1 Nfd7 21. Rhd1 Bf8 22. Kf2 d5 23. exd5 Qxh2 24. Rh1 Qf4 25. Rbe1 Nf6 26. Kg1 Qg3 27. Bf2 Qd6 28. c4 h5 29. Rh4 Bh6 30. Rd4 Ne8 31. Rdd1 Kf8 32. Ba2 Bf4 33. Rb1 Bh2+ 34. Kf1 Qf4 35. Qxb6 Nxa4 36. Qxa5 Rxc4 37. Qd8 Rxc2 38. Qxe7+ Kg7 39. Re2 Rxe2 40. Qxe2 Nc3 41. Qb2 Qf6 42. Bc4 Nxb1 43. Bd4 Nd2+ 44. Ke2 Nxc4 45. Bxf6+ Nxf6 46. Qd4 Ne5 47. f4 Ned7 48. Kf3 h4 49. d6 Bg3 50. Qc3 Nf8 51. Qa1 N8d7 52. Qc3 Kh7 53. Qc4 Kg8 54. Qc8+ Nf8 55. Qa6 N6d7 56. Qa5 Ne6 57. Qa8+ Kg7 58. Qa1+ Kh7 59. Qa7 Nec5 60. Qa2 Kg8 61. Qa8+ Nf8 62. Qd5 Ncd7 63. Qa5 Bh2 64. Qa7 g5 65. fxg5 Bxd6 66. Qd4 Bg3 67. Ke2 Ne5 68. Qd8 Neg6 69. Qc8 Kg7 70. Qc3+ Be5 71. Qd2 Ne6 72. Kf1 Bf4 73. Qc3+ Kh7 74. Qf6 Kg8 75. Qb2 Nxg5 76. Qb7 Kg7 77. Qb2+ Be5 78. Qb5 Ne4 79. Qd5 Ng3+ 80. Ke1 Kf6 81. Qf3+ Bf4 82. Qg4 Nf5 83. Qf3 Ne5 84. Qa8 Kg5 85. Qg8+ Kh5 86. Kf2 Nh6 87. Qc8 Neg4+ 88. Ke2 Be5 89. Qd7 Kg6 90. Qd8 Nf5 91. Qg8+ Bg7 92. Qd8 Nf6 93. Qc8 Nd4+ 94. Ke3 Ne6 95. Qc2+ Kg5 96. Qc8 Ng4+ 97. Ke2 Kf4 98. Qb8+ Be5 99. Qb7 Nd4+ 100. Kf1 f5 101. Qa8 Ne3+ 102. Kg1 Kg3 103. Qg8+ Ng4 104. Qc4 f4 105. Qd3+ f3 106. gxf3 Nxf3+ 107. Kf1 h3 108. Ke2 Ngh2 109. Qg6+ Kf4 110. Qf7+ Kg5 111. Qg8+ Kh6 112. Qe6+ Kg7 113. Qe7+ Kg6 114. Qe8+ Kf6 115. Qf8+ Kg6 116. Qe8+ Kf5 117. Qc8+ Kf4 118. Qf8+ Ke4 119. Qa8+ Kf4 120. Qf8+ Kg4 121. Qc8+ Kg3 122. Qg8+ Kh4 123. Qh7+ Kg4 124. Qd7+ Kg3 125. Qd3 Bf4 126. Qc3 Be5 127. Qb3 Kh4 128. Qb4+ Nd4+ 129. Ke1 Ng4 130. Kf1 Kg3 131. Qe1+ Kf4 132. Qh4 h2 133. Kg2 Nf5 134. Qe1 Nfe3+ 135. Kh1 Nd1 136. Qd2+ Nde3 137. Qd4+ Kf3 138. Qf4+ Ke2 139. Qf3+ Kd2 140. Qe2+ Kxe2 1/2-1/2

[Event "45th FIDE Olympiad 2024"]
[Site "Budapest"]
[Date "2024.09.15"]
[Round "5.121"]
[White "Dardha, Daniel"]
[Black "Tan, Jun Ying"]
[Result "1-0"]
[ECO "D15"]
[WhiteElo "2603"]
[BlackElo "2322"]
[Annotator "TA"]
[PlyCount "88"]
[EventDate "2024.09.05"]
[EventType "team-tourn"]
[EventCountry "HUN"]
[SourceTitle "playchess.com"]
[Source "ChessBase"]
[SourceQuality "1"]
[WhiteTeam "Belgium"]
[BlackTeam "Malaysia"]
[WhiteTeamCountry "BEL"]
[BlackTeamCountry "MAS"]
[TimeControl "40/5400+30:1800+30"]

1. Nf3 d5 2. e3 Nf6 3. c4 c6 4. d4 Bf5 5. Nc3 a6 6. c5 h6 7. Bd3 Bxd3 8. Qxd3 {The position is equal.} Nbd7 9. b4 a5 10. b5 e5 {White must now prevent ...e4.} 11. bxc6 bxc6 {Hoping for ...e4.} 12. dxe5 Nxc5 13. Qc2 Nfd7 14. O-O Be7 15. e4 dxe4 16. Nxe4 O-O 17. Ng3 Re8 18. Bb2 Bf8 19. Rad1 Qc8 {White leaves nothing to chance now.} (19... Qc7 $14) 20. Nf5 $16 Qa6 21. Rd4 {White has more active pieces.} Re6 (21... Rab8 $16 {is a better defense.}) 22. Rfd1 $18 Nxe5 $2 (22... Rd8 23. h4 Qa8) 23. Nxe5 Rxe5 {[#]} 24. Nxh6+ $1 {[%mdl 512] White mates.} gxh6 25. Rg4+ Rg5 26. Rxg5+ hxg5 {[#]} 27. Qc3 $1 f6 28. Qxf6 Qb7 {[#]} 29. Qh8+ $1 (29. Qxg5+ Bg7 30. Bxg7 (30. Qxc5 Qxb2 31. Qc4+ Kh7 $11) 30... Ne6 $11) 29... Kf7 30. Qh7+ Ke8 31. Qg6+ Qf7 32. Qxc6+ ({Stronger than} 32. Qxg5 Qxf2+ (32... Qxa2 $2 {loses.} 33. Qg6+ Qf7 34. Qxc6+ $18) 33. Kh1 Qf7 $11 (33... Qxb2 $2 {too greedy.} 34. Qh5+ Ke7 35. Qxc5+ Kf7 36. Qc4+ Kg6 37. Qxc6+ Kg7 38. Qxa8 $18)) 32... Nd7 33. Qxa8+ Ke7 34. Ba3+ Kf6 35. Qf3+ Kg6 36. Qxf7+ Kxf7 37. Rxd7+ Ke6 38. Rd3 Bg7 39. g4 Ba1 40. Rb3 Bd4 41. Rb5 Bc3 42. Bb2 Bb4 {[#]} 43. Rxb4 $1 axb4 44. Bc1 Kd5 {Weighted Error Value: White=0.03 (flawless) /Black=0.53.  Mistake:       	---       	Black=3      Inaccurate:     	White=1     	Black=4      OK:         	White=10    	Black=6      Best:        	---       	Black=1} 1-0

[Event "45th FIDE Olympiad 2024"]
[Site "Budapest"]
[Date "2024.09.15"]
[Round "5.122"]
[White "Wong, Jianwen"]
[Black "Maerevoet, Sim"]
[Result "1/2-1/2"]
[ECO "A09"]
[WhiteElo "2231"]
[BlackElo "2432"]
[Annotator "TA"]
[PlyCount "197"]
[EventDate "2024.09.05"]
[EventType "team-tourn"]
[EventCountry "HUN"]
[SourceTitle "playchess.com"]
[Source "ChessBase"]
[SourceQuality "1"]
[WhiteTeam "Malaysia"]
[BlackTeam "Belgium"]
[WhiteTeamCountry "MAS"]
[BlackTeamCountry "BEL"]
[TimeControl "40/5400+30:1800+30"]

1. Nf3 d5 2. c4 d4 3. g3 Nc6 4. Bg2 e5 5. d3 Nf6 6. O-O Bc5 {[#]} 7. b4 $1 Nxb4 8. Nxe5 O-O {White has an edge.} 9. a3 Nc6 10. Nxc6 $16 bxc6 11. Nd2 Qe7 12. Nb3 Bg4 13. Ra2 (13. Bxc6 Bxe2 14. Qd2 Bxf1 15. Bxa8 Rxa8 $14) 13... Rab8 14. Na5 Rb6 15. h3 Bh5 (15... Be6 $14) 16. Bf4 (16. Bxc6 $6 Rxc6 17. Nxc6 Qe6 $11) (16. Nxc6 $16 Qd6 17. Nb4 (17. Nxa7 Qd7 $16)) 16... Ra6 17. Qd2 (17. Nb3 $14 {deserves consideration.}) 17... Qxe2 $11 18. Nb3 Rxa3 19. Rxa3 (19. Nxc5 $2 Rxa2 20. Qxe2 Bxe2 $19) 19... Bxa3 20. Ra1 $1 $36 {[%cal Bf1a1,Ba1a7,Ba7c7][%mdl 2080] White has good play.} (20. Bxc6 Qxd2 21. Bxd2 Bg6 $16) (20. Qa5 Bd6 21. Nxd4 Qxd3 22. Bxd6 cxd6 23. Nxc6 Qxc4 $11) 20... Qxd2 21. Bxd2 Bb2 22. Rxa7 Bg6 (22... h6 $14) 23. Bf1 $1 $16 {White is more active.} (23. Bxc6 $6 Bxd3 24. c5 Bc4 25. Rxc7 (25. Na5 Be6 $15) 25... Rb8 $11 (25... Bxb3 26. Rb7 $11)) 23... h6 24. Rxc7 Bc3 (24... Rb8 $14 25. Nc5 (25. Na5 Bc3 $11) 25... Ba3) 25. Bf4 $1 (25. Rxc6 Rb8 26. Nxd4 Bxd2 $19 (26... Bxd4 $2 27. Be3 $19)) 25... Rb8 26. Nc5 (26. Rxc6 $2 Rxb3 27. Rc8+ Kh7 $19) 26... Rb2 27. g4 (27. Rxc6 $6 Be1 $11) 27... Be1 28. Bg3 ({Don't play} 28. Rxc6 Bxf2+ (28... Rxf2 29. Be5 $14) 29. Kh1 Be3 $15) 28... Rb6 (28... h5 $16) 29. h4 $18 Bb4 30. Nd7 (30. Rc8+ $1 $18 {is the precise move to win.} Kh7 31. Bc7 Bxc5 32. Bxb6 Bxb6 33. h5 (33. Rxc6 Ba5 $18)) 30... Nxd7 $16 31. Rxd7 h5 32. gxh5 ({Much less strong is} 32. Rxd4 hxg4 33. Bg2 (33. Rxg4 Bc3 $14) 33... Bc5 34. Rd8+ Kh7 $11) 32... Bxh5 33. Rxd4 Kh7 34. Rd8 (34. Rd7 $142) 34... Be7 (34... Bg4 $16) 35. Rd7 $18 Bf6 36. Bg2 $1 Bg6 37. Be4 $1 c5 (37... Kg8 $16 38. Bxg6 fxg6) 38. Rxf7 Bd4 39. Bxg6+ Kxg6 {[%mdl 4096] Endgame. KRB-KRB} 40. Rf3 $1 Rb1+ 41. Kg2 Rd1 42. Bf4 Kh5 {[#]} 43. Bg5 Kg4 44. Be3 {Threatens to win with Rf4+.} Rxd3 45. Rf4+ Kh5 46. Bxd4 cxd4 {[#] KR-KR} 47. Kf1 $1 Rd2 (47... Kg6 {is tougher.} 48. Ke2 Rc3) 48. Ke1 Rc2 49. Rxd4 g5 (49... Ra2 $142 50. Re4 g6) 50. hxg5 Kxg5 51. Kf1 Kf5 52. Kg2 Rc3 53. f3 Rc1 54. Re4 Ra1 55. Kf2 {And now Ke3 would win.} Ra3 56. Re3 Ra2+ 57. Kg3 Rc2 58. Re4 Rc1 59. Kf2 Rc3 60. Ke2 Ra3 61. Rd4 Ke5 62. Rd3 Ra4 63. Rc3 {Black must now prevent c5.} Kd4 64. Rc2 Ra6 65. c5 {Strongly threatening c6.} Re6+ 66. Kd2 $2 (66. Kf2 $18 {c6 would now be deadly.} Kd3 67. Rc1) 66... Rc6 $11 67. Rc1 Rh6 $1 {( -> ...Rh2+). The position is equal.} 68. Re1 Kxc5 69. Re4 Rh8 70. Ke3 Kd5 71. Kf2 Rf8 72. Kg3 Rg8+ 73. Kh3 Rf8 74. Kg4 Rg8+ 75. Kf4 Rf8+ 76. Ke3 Rh8 77. Kf2 Rf8 78. Re2 Kd6 79. Re1 Kd5 80. Re3 Kd6 81. Kg3 Rg8+ 82. Kh4 Rf8 83. Kg5 Rg8+ 84. Kf6 Rf8+ 85. Kg7 Rf4 86. Kh6 Rf8 87. Kg6 Kd5 88. Kg5 Rg8+ 89. Kf6 {aiming for Re5+.} Rf8+ 90. Kg5 Rg8+ 91. Kf5 Rf8+ 92. Kg4 Rg8+ 93. Kf4 Rf8+ 94. Kg3 Rg8+ 95. Kf2 Rf8 96. Re4 Rg8 97. Ke3 Rh8 98. Kd2 Kc5 99. Ke3 {Blacks defense is rewarded with a draw.   Weighted Error Value: White=0.12 (very precise) /Black=0.30.  Missed win:     	White=1     	---        Mistake:       	White=3     	Black=9      Inaccurate:     	White=3     	Black=3      OK:         	White=24    	Black=35     Best:        	White=6     	Black=9      Strong:       	White=4     	Black=1      Brilliant:      	White=1     	---} 1/2-1/2

[Event "45th FIDE Olympiad 2024"]
[Site "Budapest"]
[Date "2024.09.15"]
[Round "5.123"]
[White "Hovhannisyan, Mher"]
[Black "Ang, Ern Jie Anderson"]
[Result "1/2-1/2"]
[ECO "D13"]
[WhiteElo "2414"]
[BlackElo "2132"]
[Annotator "TA"]
[PlyCount "83"]
[EventDate "2024.09.05"]
[EventType "team-tourn"]
[EventCountry "HUN"]
[SourceTitle "playchess.com"]
[Source "ChessBase"]
[SourceQuality "1"]
[WhiteTeam "Belgium"]
[BlackTeam "Malaysia"]
[WhiteTeamCountry "BEL"]
[BlackTeamCountry "MAS"]
[TimeControl "40/5400+30:1800+30"]

1. d4 d5 2. c4 c6 3. cxd5 cxd5 4. Nc3 Nf6 5. Bf4 Nc6 6. e3 a6 7. Nf3 Bf5 8. Ne5 Nxe5 9. dxe5 Ne4 (9... Nd7 $142) 10. Qxd5 ({White must play} 10. Nxd5 $16 {[%cal Oe5e6] aiming for e6!} g5 11. f3 gxf4 12. fxe4) 10... Nxc3 11. Qxd8+ Rxd8 12. bxc3 e6 13. f3 Bc2 $1 14. a4 Bc5 15. Be2 Rd7 16. Kf2 Ke7 (16... Rd2 $2 17. Ra2 $18) 17. Rhc1 Bd3 18. Rd1 Rhd8 19. Bg5+ (19. Rxd3 Rxd3 20. Rb1 R3d7 $17 (20... Rxc3 21. Bg5+ f6 22. Rxb7+ Ke8 23. exf6 $17)) 19... f6 20. exf6+ gxf6 21. Bh4 Bc2 22. Rxd7+ Rxd7 23. g4 (23. a5 $16) 23... h6 (23... Bb3 $1 $11) 24. f4 ({Better is} 24. a5 $16) 24... Bb3 25. g5 hxg5 26. fxg5 Rd2 27. gxf6+ Kf7 28. Bg5 Bc4 $1 29. Re1 Bd6 30. h4 {Black must now prevent Kf3.} Be5 31. Kf3 Bxe2+ 32. Rxe2 Bxc3 $11 {[%mdl 4096] Endgame. KRB-KRB} 33. Re1 Bxf6 {The position is equal.} 34. Rb1 Rb2 35. Rxb2 Bxb2 {KB-KB} 36. Ke4 b5 37. axb5 axb5 38. h5 Bf6 39. Bh6 b4 40. Kd3 b3 41. e4 Be5 42. Bg5 {Weighted Error Value: White=0.16 (very precise) /Black=0.12 (very precise) .  Mistake:       	White=3     	Black=2      Inaccurate:     	White=3     	Black=2      OK:         	White=18    	Black=11     Best:        	---       	Black=2      Strong:       	---       	Black=2} 1/2-1/2

[Event "45th FIDE Olympiad 2024"]
[Site "Budapest"]
[Date "2024.09.15"]
[Round "5.124"]
[White "Azhar, Muhd Syakir Shazmeer"]
[Black "Lenaerts, Lennert"]
[Result "1/2-1/2"]
[ECO "B49"]
[WhiteElo "2086"]
[BlackElo "2300"]
[Annotator "TA"]
[PlyCount "120"]
[EventDate "2024.09.05"]
[EventType "team-tourn"]
[EventCountry "HUN"]
[SourceTitle "playchess.com"]
[Source "ChessBase"]
[SourceQuality "1"]
[WhiteTeam "Malaysia"]
[BlackTeam "Belgium"]
[WhiteTeamCountry "MAS"]
[BlackTeamCountry "BEL"]
[TimeControl "40/5400+30:1800+30"]

1. e4 c5 2. Nf3 e6 3. d4 cxd4 4. Nxd4 Nc6 5. Nc3 Qc7 6. Be3 a6 7. a3 b5 8. Nxc6 Qxc6 9. Be2 Bc5 (9... Bb7 $11) 10. Qd3 {White is more active.} Bxe3 11. Qxe3 Ne7 $1 {White is slightly better.} 12. Rd1 O-O 13. O-O Bb7 14. Bf3 Qc7 15. Rfe1 Rad8 16. e5 Bxf3 17. Qxf3 d6 18. exd6 Rxd6 19. Rxd6 Qxd6 20. Rd1 Qc7 21. Qd3 Rc8 22. Qd7 {[#] aiming for Qxc7.} Qxd7 23. Rxd7 $11 {[%mdl 4096] Endgame. KRN-KRN} Nc6 24. g3 Kf8 25. Rb7 Nd4 26. Ne4 f5 27. Nd6 Rxc2 28. Rf7+ $1 Kg8 {[%cal Oc2d2] With the idea ...Rd2!} 29. Ra7 {White threatens Ra8+ and mate.} h6 ({And not} 29... Rxb2 30. Ra8#) 30. Rxa6 Rxb2 (30... g5 $17 {[%cal Og5g4] ...g4! is the strong threat.} 31. h3 g4 (31... Rxb2 32. Kg2 $17) 32. hxg4 fxg4) 31. h4 {[#]} (31. Ra8+ $15 Kh7 32. Ra7) 31... f4 32. gxf4 $17 Ne2+ 33. Kh2 Nxf4 34. Rb6 Rxf2+ 35. Kg3 Nd3 36. Nxb5 Rb2 37. a4 Ra2 38. Rxe6 Rxa4 39. Re3 Nf4 40. Nd6 Nh5+ 41. Kh3 Ra1 42. Nf5 Kh7 43. Ng3 Nf4+ 44. Kg4 Nd5 45. Re5 Ra4+ 46. Kf3 Ra3+ 47. Kf2 Nf6 48. Rb5 Ra4 49. h5 Ra7 50. Kf3 Kg8 51. Ne2 Ra3+ 52. Kg2 Ng4 53. Nf4 Kf7 54. Rb7+ Kf6 55. Nd5+ Ke5 56. Rxg7 {The position is equal.} Ra2+ 57. Kg3 Nf2 58. Nc3 Rc2 59. Re7+ Kd6 60. Re2 Rxc3+ {Weighted Error Value: White=0.11 (very precise) /Black=0.08 (flawless) .  Mistake:       	White=1     	Black=2      Inaccurate:     	White=4     	Black=3      OK:         	White=23    	Black=22     Best:        	White=2     	---        Strong:       	White=1     	Black=1} 1/2-1/2